 Dungeon Crawl Stone Soup version 0.15-a0-1866-g491fd59 (webtiles) character file.

28 PolkaDot the Caller (level 2, 0/20 HPs)
             Began as a Vampire Summoner on July 4, 2014.
             Succumbed to an adder's poison
             ... on Level 1 of the Dungeon.
             The game lasted 00:04:36 (620 turns).

PolkaDot the Caller (Vampire Summoner)               Turns: 620, Time: 00:04:36

HP   0/20        AC  2     Str  7      XL: 2   Next: 96%
MP   3/3         EV 12     Int 17      God:
Gold 12          SH  0     Dex 14      Spells:  2 memorised,  2 levels left

rFire  + . .     SeeInvis +     f - +0 short sword
rCold  . . .     Clarity  .     a - +0 robe
rNeg   . . .     rCorr    .     (no shield)
rPois  .         rRot     .     (no helmet)
rElec  .         Spirit   .     (no cloak)
SustAb .         Warding  .     (no gloves)
rMut   .         Stasis   .     (no boots)
Gourm  .                        (no amulet)
MR     .....                    (no ring)
                                (no ring)

@: lethally poisoned, very slightly contaminated, regenerating quickly, hasted,
invisible, very quick, not resistant to hostile enchantments, unstealthy
A: fangs 3, see invisible, fire resistance 1, low mp 1, mutation resistance 1,
unbreathing
a: no special abilities


You were on level 1 of the Dungeon.
You were very full.

You visited 1 branch of the dungeon, and saw 1 of its levels.

You collected 12 gold pieces.

Inventory:

Hand weapons
 f - a +0 short sword (weapon)
Armour
 a - a +0 robe (worn)
Scrolls
 i - a scroll of immolation
Books
 b - a book of Callings

   Spells                             Type                      Level
   *Summon Small Mammal               Summoning                    1
   *Call Imp                          Summoning                    2
   Call Canine Familiar               Summoning                    3
   Summon Guardian Golem              Hexes/Summoning              4
   Summon Lightning Spire             Summoning/Air                4
   Summon Ice Beast                   Ice/Summoning                4


   Skills:
 - Level 0.3 Fighting
 - Level 2.1 Dodging
 - Level 3.0 Stealth
 + Level 2.1 Spellcasting
 * Level 4.8 Summonings


You had 2 spell levels left.
You knew the following spells:

 Your Spells              Type           Power        Failure   Level  Hunger
a - Summon Small Mammal   Summ           ###.         2%          1    #......
s - Call Imp              Summ           ###.....     4%          2    ##.....


Dungeon Overview and Level Annotations

Branches:
Dungeon (1/15)

Altars:


Innate Abilities, Weirdness & Mutations

Your natural rate of healing is unusually fast.
You have razor-sharp teeth.
You have supernaturally acute eyesight.
You can survive without breathing.
Your flesh is heat resistant.
Your magical capacity is low (-10% MP).
You are somewhat resistant to further mutation.


Message History

As you read the scroll labeled QUAMEO KLUCE, it crumbles to dust.
It is a scroll of identify.
Identify which item? (\ to view known items) (? for menu, Esc to quit)
i - a scroll of immolation Read which item? (? for menu, Esc to quit)
As you read the scroll labeled ZEESIOZXESEWK, it crumbles to dust.
You hear a loud clanging noise!
It was a scroll of noise.
* * * LOW HITPOINT WARNING * * *
You feel sick.
There is a lethal amount of poison in your body!
* * * LOW HITPOINT WARNING * * *
You feel sick.
* * * LOW HITPOINT WARNING * * *
You feel sick.
You swap places.
* * * LOW HITPOINT WARNING * * *
You feel sick.
You swap places.
You die...

##.####### #.....###.#...#..#....
##.# ##.##### #.#...#..#.... ...#
#...# #............. #### #...#
#.......##.... ## #...#
#.......####.. .#
#...#######......# #... .###
##.......# #....#.# #.##
...#######...#....###.#.##.# #...
##.##......##.##@...#.#....###...
.#.........#...#....#.##.#...%...
.#.........#...#.r..#........#...
.##..###...#.#.#.r..##.#..##.#.(.
.##..# #...##.##.#........##.###.
.#...###.).......#####.#.#.......
##........#....### #.#.#.#.#...
#[...####.#...## #.......#...
..........#...### ###.........


You could see 2 friendly quokkas.

Vanquished Creatures
  An adder (D:1)
  3 bats (D:1)
  A giant cockroach (D:1)
  5 hobgoblins (D:1)
  4 kobolds (D:1)
  3 rats (D:1)
17 creatures vanquished.

Vanquished Creatures (collateral kills)
  2 jackals (D:1)
  2 rats (D:1)
4 creatures vanquished.

Vanquished Creatures (others)
  A bat (D:1)
  3 rats (D:1)
4 creatures vanquished.

Grand Total: 25 creatures vanquished

Notes
Turn   | Place    | Note
--------------------------------------------------------------
     0 | D:1      | PolkaDot, the Vampire Summoner, began the quest for the Orb.
     0 | D:1      | Reached XP level 1. HP: 13/13 MP: 3/3
   231 | D:1      | Reached XP level 2. HP: 17/19 MP: 4/4
   312 | D:1      | Learned a level 2 spell: Call Imp
   599 | D:1      | Gained mutation: Your magical capacity is low (-10% MP). [potion of mutation]
   599 | D:1      | Gained mutation: Your flesh is heat resistant. [potion of mutation]
   599 | D:1      | Gained mutation: You are somewhat resistant to further mutation. [potion of mutation]
   609 | D:1      | HP: 1/20 [poisoned by an adder]
   614 | D:1      | HP: 1/20 [poisoned by an adder]
   620 | D:1      | Succumbed to an adder's poison

Action                   || total
-------------------------++-------
Melee: Short sword       ||    51
       Unarmed           ||     9
 Cast: Summon Small Mamm ||    10
  Use: Potion            ||     4
       Scroll            ||     3
 Stab: Sleeping          ||     2
       Distracted        ||     1
